 Dungeon Crawl Stone Soup version 0.27-a0-29-g2d0a2396b0 (webtiles) character file.

Game seed: 12576241903852395380

717 voltaire321 the Covered (level 7, 0/62 HPs)
             Began as a Minotaur Fighter on Jan 3, 2021.
             Slain by an orc warrior
             ... wielding a +0 hand axe
              (4 damage)
             ... on level 7 of the Dungeon.
             The game lasted 00:09:10 (3784 turns).

voltaire321 the Covered (Minotaur Fighter)          Turns: 3784, Time: 00:09:11

Health: 0/62       AC: 10    Str: 20    XL:     7   Next: 42%
Magic:  6/6        EV:  5    Int:  7    God:
Gold:   260        SH: 10    Dex: 10    Spells: 6/6 levels left

rFire    . . .     SeeInvis .   a - +0 long sword
rCold    . . .     Faith    .   c - +0 kite shield
rNeg     . . .     Spirit   .   p - +0 chain mail
rPois    .         Reflect  .   (helmet restricted)
rElec    .         Harm     .   (no cloak)
rCorr    .         Rampage  .   (no gloves)
Will     .....                  (no boots)
Stlth    ..........             (no amulet)
HPRegen  0.20/turn              (no ring)
MPRegen  0.10/turn              (no ring)

@: no status effects
A: retaliatory headbutt, horns 2
a: no special abilities


You were on level 7 of the Dungeon.
You visited 1 branch of the dungeon, and saw 6 of its levels.

You collected 260 gold pieces.

Inventory:

Hand Weapons
 a - a +0 long sword (weapon)
Missiles
 b - 11 poisoned darts
 i - 5 curare-tipped darts (quivered)
Armour
 c - a +0 kite shield (worn)
 p - a +0 chain mail (worn)
Wands
 q - a wand of polymorph (6)
 r - a wand of digging (7)
Scrolls
 f - 2 scrolls of identify {unknown}
 h - 2 scrolls of teleportation {unknown}
 k - a scroll of fog {unknown}
 n - a scroll of fear {unknown}
 o - a scroll of magic mapping {unknown}
 s - a scroll of amnesia {unknown}
 t - a scroll of random uselessness {unknown}
Potions
 d - 3 potions of might
 e - 2 potions of heal wounds {unknown}
 g - a potion of mutation {unknown}
 j - a potion of flight {unknown}
 l - a potion of haste {unknown}
 m - a potion of attraction {unknown}


   Skills:
 + Level 5.7 Fighting
 + Level 5.1 Long Blades
 + Level 3.0 Throwing
 + Level 5.7 Armour
 + Level 5.7 Shields


You had 6 spell levels left.
You didn't know any spells.
Your spell library was empty.

Dungeon Overview and Level Annotations

Branches:
Dungeon (5/15)
 Temple: D:4-7

Altars:
Dithmenos
Gozag
Trog
Wu Jian

Annotations:
D:5 3 runed translucent doors, Tarl's ghost, novice VSBe; jestyr24's ghost, novice HOAK


Innate Abilities, Weirdness & Mutations

You reflexively headbutt those who attack you in melee.
You have a pair of horns on your head.


Message History

You barely miss the orc warrior.
The orc warrior is severely wounded.
The orc warrior hits you with a +0 hand axe!
* * * LOW HITPOINT WARNING * * *
You closely miss the orc warrior.
The orc warrior is severely wounded.
You block the orc warrior's attack.
You barely miss the orc warrior.
The orc warrior is severely wounded.
The orc warrior hits you with a +0 hand axe.
* * * LOW HITPOINT WARNING * * *
You block the orc warrior's attack.
You see here a +0 short sword.
You closely miss the orc warrior.
The orc warrior is severely wounded.
You block the orc warrior's attack.
You barely miss the orc warrior. Your headbutt misses the orc warrior.
The orc warrior is severely wounded.
The orc warrior hits you with a +0 hand axe.
You die...

### ..## ########
..... #....(.#
..:.. #.####.#
......
####....#.###......
#.........#.....?..
#.......###o#
#..###..#.@.#
#..###....###
#....#.##.#
#.##.#....#
#.##......#
#.##......#
#.##.........
#.##..(...###
#.##.#....#


You could see an orc warrior.

Vanquished Creatures
  Menkaure (D:5)
  3 ogres
  2 orc priests
  An orc wizard (D:5)
  3 worker ants (D:4)
  A hound zombie (D:5)
  A worker ant zombie (D:5)
  9 adders
  A shadow imp (D:5)
  An ooze (D:2)
  3 worms
  A dart slug (D:3)
  9 orcs
  4 bats
  3 giant cockroaches
  6 goblins
  6 hobgoblins
  3 jackals (D:5)
  7 kobolds
  3 quokkas
  4 frilled lizards
  A jackal skeleton (D:4)
  A leopard gecko skeleton (D:5)
  6 rats
80 creatures vanquished.

Notes
Turn   | Place    | Note
-------+----------+-------------------------------------------
     0 | D:1      | voltaire321 the Minotaur Fighter began the quest for the
                  | Orb.
     0 | D:1      | Reached XP level 1. HP: 19/19 MP: 0/0
    55 | D:1      | Reached XP level 2. HP: 19/27 MP: 1/1
   601 | D:2      | Found an opulent altar of Gozag.
   873 | D:2      | Reached XP level 3. HP: 15/33 MP: 2/2
  1786 | D:3      | Reached XP level 4. HP: 40/40 MP: 3/3
  2074 | D:3      | Reached skill level 1 in Throwing
  2258 | D:4      | Reached XP level 5. HP: 30/47 MP: 4/4
  2741 | D:4      | Found a shadowy altar of Dithmenos.
  2743 | D:4      | Found a bloodstained altar of Trog.
  2744 | D:4      | Found an ornate altar of the Wu Jian Council.
  3067 | D:5      | Entered Level 5 of the Dungeon
  3081 | D:5      | Reached skill level 5 in Armour
  3081 | D:5      | Reached XP level 6. HP: 43/55 MP: 5/5
  3092 | D:5      | Reached skill level 5 in Fighting
  3244 | D:5      | Reached skill level 5 in Shields
  3269 | D:5      | Noticed Menkaure
  3317 | D:5      | Killed Menkaure
  3466 | D:5      | Reached XP level 7. HP: 57/61 MP: 6/6
  3694 | D:5      | Found a runed translucent gate.
  3694 | D:5      | Found a runed translucent gate.
  3695 | D:5      | Found a runed translucent gate.
  3696 | D:5      | Noticed jestyr24's ghost (novice HOAK)
  3696 | D:5      | Noticed Tarl's ghost (novice VSBe)
  3703 | D:5      | You fall into a shaft and drop 2 floors!
  3709 | D:7      | Reached skill level 5 in Long Blades
  3784 | D:7      | Slain by an orc warrior

Illustrated notes

Levels and vault maps discovered:
D:1:      amcnicky_arrival_choice, layout_rooms
D:2:      kennysheep_six_static_rooms, layout_loops_ring,
          minmay_misc_feat_ornament,
          nicolae_gozag_cash_rules_everything_around_me
D:3:      layout_basic
D:4:      layout_basic, grunt_temple_overflow_open
D:5:      layout_basic, minmay_temple_entry_hall, gammafunk_ghost_cemetery,
          tso_metal_star, uniq_menkaure
D:7:      layout_basic, serial_curves, eino_curves_01, eino_curves_04

Skill      XL: |  1  2  3  4  5  6  7 |
---------------+----------------------+-----
Armour         | 4 5 |  5.7
Fighting       | 4 5 |  5.7
Long Blades    | 3 4 5 |  5.1
Shields        | 4 5 |  5.7
Throwing       | 1 2 3 |  3.0

Action                   |  1- 3 |  4- 6 |  7- 9 || total
-------------------------+-------+-------+-------++-------
Melee: Long sword        |    95 |    89 |    42 ||   226
       Headbutt          |    12 |    20 |     5 ||    37
Throw: Dart              |       |     1 |       ||     1
Armor: Scale mail        |    49 |    12 |       ||    61
       Chain mail        |       |    36 |    27 ||    63
Dodge: Dodged            |    31 |    18 |    12 ||    61
Block: Kite shield       |    47 |    45 |    27 ||   119
       Rpst.: Long sword |     9 |     8 |     5 ||    22

Table legend: (Time is in decaauts)
 A = Elapsed time spent in this place.
 B = Non-inter-level travel time spent in this place.
 C = Inter-level travel time spent in this place.
 D = Time resting spent in this place.
 E = Time spent auto-exploring this place.
 F = Levels seen in this place.
 G = Mean time per level.
                   A        B        C        D        E       F      G
               +--------+--------+--------+--------+--------+-----+--------+
         Total |   3870 |   3816 |     54 |    775 |   2277 |   6 |  645.0 |
       Dungeon |   3870 |   3816 |     54 |    775 |   2277 |   6 |  645.0 |
               +--------+--------+--------+--------+--------+-----+--------+

Top non-repeatable levels by time:
     D:2: 1013 daAuts
     D:4: 921 daAuts
     D:5: 668 daAuts
     D:3: 618 daAuts
     D:1: 563 daAuts
     D:7: 85 daAuts
